 Dungeon Crawl Stone Soup version 0.29.0-13-gc9e81de378 (webtiles) character file.

Game seed: 7089090021767023314

302 apoch the Chopper (level 6, -3/51 HPs)
             Began as a Minotaur Fighter on Sept 10, 2022.
             Killed by divine providence
             ... invoked by an orc priest
              (8 damage)
             ... on level 4 of the Dungeon.
             The game lasted 00:05:23 (2745 turns).

apoch the Chopper (Minotaur Fighter)                Turns: 2745, Time: 00:05:23

Health: -3/51      AC: 11    Str: 23    XL:     6   Next: 14%
Magic:  5/5        EV:  7    Int:  5    God:
Gold:   125        SH:  4    Dex:  9    Spells: 5/5 levels left

rFire   . . .      SeeInvis .   a - +0 war axe
rCold   + . .      Faith    .   c - +0 buckler
rNeg    . . .      Spirit   .   p - +0 chain mail
rPois   .          Reflect  .   j - +2 hat
rElec   .          Harm     .   (no cloak)
rCorr   .          Rampage  .   (no gloves)
Will    .....                   (no boots)
Stlth   ..........              f - amulet of the acrobat
HPRegen 0.17/turn               g - ring of protection from cold
MPRegen 0.09/turn               (no ring)

@: mighty
A: horns 2, retaliatory headbutt
a: no special abilities


You were on level 4 of the Dungeon.
You visited 1 branch of the dungeon, and saw 4 of its levels.

You collected 125 gold pieces.

Inventory:

Hand Weapons
 a - a +0 war axe (weapon)
Missiles
 q - 5 javelins (quivered)
 r - 5 poisoned darts
Armour
 b - a +0 scale mail
 c - a +0 buckler (worn)
 j - a +2 hat (worn)
 p - a +0 chain mail (worn)
Jewellery
 f - an amulet of the acrobat (around neck)
 g - a ring of protection from cold (left hand)
 h - a ring of ice
Wands
 s - a wand of iceblast (15)
Scrolls
 e - a scroll of vulnerability {unknown}
 k - 4 scrolls of poison
Potions
 d - 2 potions of might
 i - 2 potions of curing
 l - a potion of mutation
 o - a potion of magic
 t - a potion of attraction
 u - a potion of ambrosia {unknown}


   Skills:
 - Level 3.6 Fighting
 + Level 7.9 Axes
 - Level 3.6 Armour
 - Level 3.6 Shields


You had 5 spell levels left.
You didn't know any spells.
Your spell library contained the following spells:

 Spells                   Type           Power      Damage    Failure   Level
 Sting                    Tmut/Pois      0%         1d3       99%         1
 Poisonous Vapours        Pois/Air       0%         N/A       100%        2
 Olgreb's Toxic Radiance  Pois           0%         N/A       100%        4


Dungeon Overview and Level Annotations

Branches:
Dungeon (4/15)
 Temple: D:4-7

Altars:
Elyvilon
Wu Jian

Annotations:
D:3 Jessica
D:4 Blork the orc


Innate Abilities, Weirdness & Mutations

You have a pair of horns on your head.
You reflexively headbutt those who attack you in melee.


Message History

The puff of flame hits you.
* * * LOW HITPOINT WARNING * * *
Your Axes skill increases to level 7!
You have reached level 6!
You hit the hound. You headbutt the hound.
You kill the hound!
Blork the orc gestures at you while chanting.
The puff of flame misses you.
Things that are here:
a +0 giant club; an ogre corpse An orc priest comes into view.
It is wielding a +0 club.
The orc priest shouts!
The orc completely misses you. You furiously retaliate!
You headbutt the orc. Blork the orc completely misses you.
You hit Blork the orc.
Blork the orc is lightly wounded.
You barely miss the orc.
The orc priest looks satisfied for a moment.
The orc hits you but does no damage.
A goblin comes into view. It is wielding a +0 club.
The goblin shouts!
You block the orc's attack.
The orc priest begins to cast a cantrip, but forgets the words!
Blork the orc barely misses you.
You slash the orc!
You kill the orc!
You slash Blork the orc!
Blork the orc hits you with a +0 trident.
* * * LOW HITPOINT WARNING * * *
You barely miss Blork the orc.
Blork the orc is moderately wounded.
Blork the orc hits you but does no damage. x2
The orc priest calls upon Beogh to heal Blork the orc.
Blork the orc is healed somewhat.
You hear a shout!
You slash Blork the orc!
Blork the orc is heavily wounded.
The orc priest invokes the aid of Beogh against you.
Beogh smites you!
You die...

**,*,*
*,,,,*,,,,,,,*
****,*
*,,,.#.,,,,,,*
,,,,,*
****#..,,,,,,*
,***** #.#,,,,,,*
,,,*
******#####.#*******
*#,* *,,,,,,...#o#
##.###,**#####...#
#...<#,**........#
#....#,**......)@#
#.#...,**......o.#
#,#....,+.....g.)#
*,#.##>.*......).#
*,#.,*#.###?...###
*,.$,**.#,#.###*
**##*,,,.,#.*
,,,,,,*,*,#,*
**,*,,,,*,*,*****


You could see Blork the orc, an orc priest and a goblin.

Vanquished Creatures
  An ogre (D:4)
  A hound (D:4)
  An orc priest (D:3)
  A jelly (D:4)
  Ijyb (D:3)
  Natasha (D:3)
  A gnoll (D:1)
  A worm (D:4)
  2 dart slugs
  3 orcs
  3 bats
  5 endoplasms
  5 giant cockroaches
  5 hobgoblins
  6 kobolds
  3 quokkas
  3 ball pythons
  2 frilled lizards (D:1)
  11 goblins
  6 rats
62 creatures vanquished.

Vanquished Creatures (others)
  6 plants (D:1)
6 creatures vanquished.

Grand Total: 68 creatures vanquished

Notes
Turn   | Place    | Note
-------+----------+-------------------------------------------
     0 | D:1      | apoch the Minotaur Fighter began the quest for the Orb.
     0 | D:1      | Reached XP level 1. HP: 19/19 MP: 0/0
   136 | D:1      | Reached skill level 3 in Axes
   164 | D:1      | Reached XP level 2. HP: 19/26 MP: 1/1
   257 | D:1      | Reached skill level 4 in Axes
   433 | D:1      | Reached XP level 3. HP: 31/31 MP: 2/2
  1227 | D:2      | Found an ornate altar of the Wu Jian Council.
  1399 | D:2      | Reached skill level 5 in Axes
  1688 | D:3      | Found a faded altar of an unknown god.
  1701 | D:3      | Found a white marble altar of Elyvilon.
  2019 | D:3      | Noticed Ijyb
  2029 | D:3      | Killed Ijyb
  2030 | D:3      | Reached XP level 4. HP: 31/39 MP: 3/3
  2095 | D:3      | Noticed Jessica
  2171 | D:3      | Noticed Natasha
  2175 | D:3      | Killed Natasha
  2176 | D:3      | Reached skill level 6 in Axes
  2209 | D:3      | Reached XP level 5. HP: 29/45 MP: 4/4
  2510 | D:3      | Found an ornate altar of the Wu Jian Council.
  2729 | D:4      | Noticed an ogre
  2733 | D:4      | Noticed Blork the orc
  2737 | D:4      | Killed an ogre
  2738 | D:4      | Reached skill level 7 in Axes
  2738 | D:4      | Reached XP level 6. HP: 5/51 MP: 5/5
  2745 | D:4      | Killed from afar by an orc priest

Illustrated notes

Levels and vault maps discovered:
D:1:      minmay_arrival_doors, layout_basic, serial_forest,
          infiniplex_forest_side_room, infiniplex_forest_lined_corner,
          infiniplex_forest_lined_2, infiniplex_forest_clump_C,
          infiniplex_forest_zigzag_1, infiniplex_forest_clump_medium,
          infiniplex_forest_pool, infiniplex_forest_lined_3_way,
          nicolae_grassy_gnolls
D:2:      layout_loops_cross, basic_altar
D:3:      layout_loops_ring, nicolae_overflow_hidden_temple,
          mainiacjoe_overflow_boulevard, basic_ecumenical_altar, uniq_jessica,
          uniq_ijyb, uniq_natasha
D:4:      layout_basic, uniq_edmund, uniq_blork_the_orc, uniq_duvessa

Skill      XL: |  1  2  3  4  5 |
---------------+----------------+-----
Axes           | 3 4 5 6 7 |  7.9
Fighting       | |  3.6
Armour         | |  3.6
Shields        | |  3.6

Action                   |  1- 3 |  4- 6 || total
-------------------------+-------+-------++-------
Melee: War axe           |   117 |    29 ||   146
       Headbutt          |    26 |     1 ||    27
Throw: Stone             |    25 |       ||    25
       Javelin           |       |    11 ||    11
  Use: Scroll            |       |     8 ||     8
       Potion            |       |     1 ||     1
Armor: Scale mail        |    38 |       ||    38
       Chain mail        |       |    16 ||    16
Dodge: Dodged            |    39 |    11 ||    50
Block: Buckler           |    12 |     6 ||    18
